 Dungeon Crawl Stone Soup version 0.27.0-1-g7a089689b8 (webtiles) character file.

Game seed: 18013820116017622487

25 EnegeticOcto the Covered (level 2, -3/27 HPs)
             Began as a Deep Dwarf Fighter on Aug 2, 2021.
             Slain by a gnoll (5 damage)
             ... on level 3 of the Dungeon.
             The game lasted 00:00:15 (308 turns).

EnegeticOcto the Covered (Deep Dwarf Fighter)        Turns: 308, Time: 00:00:15

Health: -3/27      AC:  6    Str: 19    XL:     2   Next: 82%
Magic:  1/1        EV:  7    Int:  8    God:
Gold:   12         SH:  9    Dex: 12    Spells: 1/1 levels left

rFire    . . .     SeeInvis .   a - +0 war axe
rCold    . . .     Faith    .   c - +0 kite shield
rNeg     . . .     Spirit   .   b - +0 scale mail
rPois    .         Reflect  .   (no helmet)
rElec    .         Harm     .   (no cloak)
rCorr    .         Rampage  .   (no gloves)
Will     .....                  (no boots)
Stlth    ..........             (no amulet)
HPRegen  0.00/turn              (no ring)
MPRegen  0.07/turn              (no ring)

@: no status effects
A: damage resistance, heal wounds, sense surroundings 1, no regeneration
a: Heal Wounds


You were on level 3 of the Dungeon.
You visited 1 branch of the dungeon, and saw 3 of its levels.

You collected 12 gold pieces.

Inventory:

Hand Weapons
 a - a +0 war axe (weapon)
Armour
 b - a +0 scale mail (worn)
 c - a +0 kite shield (worn)
Jewellery
 e - a +6 ring of intelligence
Scrolls
 f - a scroll of noise {unknown}
Potions
 d - a potion of might {@q3}


   Skills:
 + Level 2.9 Fighting
 * Level 2.9 Axes
 + Level 3.5 Armour
 + Level 3.5 Shields


You had one spell level left.
You didn't know any spells.
Your spell library was empty.

Dungeon Overview and Level Annotations

Branches:
Dungeon (3/15)

Altars:


Innate Abilities, Weirdness & Mutations

You are resistant to damage.
You can heal yourself by infusing magical energy.
You passively map a small area around you.
You do not regenerate.


Message History

You feel much better.
The ball python hisses angrily.
The gnoll sergeant hits you with a +0 trident!
You closely miss the gnoll sergeant. The gnoll hits you but does no damage.
The gnoll sergeant hits you with a +0 trident!
* * * LOW HITPOINT WARNING * * *
You are too injured to fight recklessly!
You are too injured to fight recklessly!
You are too injured to fight recklessly!
You are too injured to fight recklessly!
You are too injured to fight recklessly!
You are too injured to fight recklessly!
You are too injured to fight recklessly!
You are too injured to fight recklessly!
You are too injured to fight recklessly!
You feel much better. The gnoll hits you but does no damage.
The gnoll sergeant hits you with a +0 trident.
Your magical essence is drained by the effort!
You feel much better. The gnoll hits you but does no damage.
You block the gnoll sergeant's attack.
You hit the gnoll sergeant.
The gnoll sergeant is lightly wounded.
You slash the gnoll! You block the gnoll's attack.
The gnoll closely misses you. You block the gnoll sergeant's attack.
The gnoll barely misses you. The gnoll hits you but does no damage.
The gnoll barely misses you.
Your shield and scale mail prevent you from hitting the gnoll.
The gnoll is heavily wounded.
You closely miss the gnoll sergeant. You block the gnoll sergeant's attack.
The gnoll hits you but does no damage. x2; The gnoll hits you with a +0 flail!
You block the gnoll sergeant's attack.
Your shield prevents you from hitting the gnoll.
The gnoll is heavily wounded.
You completely miss the gnoll sergeant.
You hit the ball python but do no damage.
The gnoll hits you from afar with a +0 spear.
The gnoll hits you with a +0 flail!
The gnoll hits you from afar with a +0 spear.
You block the ball python's attack. The ball python barely misses you.
You block the gnoll sergeant's attack.
The gnoll hits you from afar with a +0 spear!
* * * LOW HITPOINT WARNING * * *
You block the gnoll's attack. x2
The ball python bites you but does no damage.
You block the ball python's attack. The gnoll sergeant barely misses you.
You are too injured to fight recklessly!
You are too injured to fight recklessly!
You are too injured to fight recklessly!
You are too injured to fight recklessly!
You are too injured to fight recklessly!
You are too injured to fight recklessly!
You are too injured to fight recklessly!
You are too injured to fight recklessly!
You are too injured to fight recklessly!
You are too injured to fight recklessly!
You are too injured to fight recklessly!
You are too injured to fight recklessly!
You are too injured to fight recklessly!
You are too injured to fight recklessly!
You are too injured to fight recklessly!
You feel much better. The ball python barely misses you. x2
You block the gnoll's attack. x3; The gnoll sergeant barely misses you.
You fail to use your ability.
The ball python barely misses you. The ball python grabs you.
The ball python constricts you. The gnoll hits you but does no damage.
The gnoll hits you with a +0 flail. You block the gnoll's attack.
You block the gnoll sergeant's attack.
You slash the ball python!
You kill the ball python!
You hit the gnoll. You slash the gnoll sergeant!
The gnoll hits you but does no damage. x2
The gnoll hits you from afar with a +0 spear.
The gnoll sergeant barely misses you. The gnoll barely misses you.
The gnoll hits you with a +0 flail!
* * * LOW HITPOINT WARNING * * *
The gnoll hits you from afar with a +0 spear.
* * * LOW HITPOINT WARNING * * *
You are too injured to fight recklessly!
You are too injured to fight recklessly!
You are too injured to fight recklessly!
You are too injured to fight recklessly!
You are too injured to fight recklessly!
You are too injured to fight recklessly!
You are too injured to fight recklessly!
You are too injured to fight recklessly!
You are too injured to fight recklessly!
You feel much better. You block the gnoll sergeant's attack.
The gnoll barely misses you. x2
The gnoll hits you from afar with a +0 spear.
You fail to use your ability.
You block the gnoll sergeant's attack. You block the gnoll's attack.
The gnoll hits you with a +0 flail! You block the gnoll's attack.
You closely miss the gnoll.
The gnoll is severely wounded.
You hit the gnoll sergeant.
The gnoll sergeant hits you with a +0 trident!
* * * LOW HITPOINT WARNING * * *
The gnoll hits you from afar with a +0 spear.
* * * LOW HITPOINT WARNING * * *
The gnoll hits you from afar with a +0 spear.
You die...

* , #. * ...#####.#
.. ..##.# * , ,
#.*#.##.##. , .#
#.##.##..., .##. * ,
#.......#*** ... *
,##.###gg....#### ..#
* * ...............#
..#,, , ###
*#g@g...##.##..# ,* *
,
....####$..#........#
,
#...#...#......#....
* #....$..#.#.#..# ##
* * #...#...#..###.##
, #.......###.## ##.#
#.......# #.<###.##
#.......# #.#.#..# ,*
#.......# #......#


You could see a gnoll sergeant and 3 gnolls.

Vanquished Creatures
  An adder (D:2)
  A worm (D:2)
  2 dart slugs (D:2)
  A hobgoblin (D:1)
  A kobold (D:2)
  4 ball pythons
  A frilled lizard (D:1)
11 creatures vanquished.

Notes
Turn   | Place    | Note
-------+----------+-------------------------------------------
     0 | D:1      | EnegeticOcto the Deep Dwarf Fighter began the quest for the
                  | Orb.
     0 | D:1      | Reached XP level 1. HP: 20/20 MP: 1/1
   126 | D:2      | Reached XP level 2. HP: 18/27 MP: 2/2
   290 | D:3      | Noticed a gnoll sergeant
   308 | D:3      | Slain by a gnoll

Illustrated notes

Levels and vault maps discovered:
D:1:      wander_arrival_desolate, layout_basic
D:2:      layout_basic, minmay_hedge_maze
D:3:      layout_loops_cross, nicolae_overflow_crystal_walls

Action                   || total
-------------------------++-------
Melee: War axe           ||    39
 Abil: Heal Wounds       ||     6
Armor: Scale mail        ||    21
Dodge: Dodged            ||    24
Block: Kite shield       ||    38
